 Dungeon Crawl Stone Soup version 0.28-a0-1567-g1695149f81 (webtiles) character file.

Game seed: 10435327589715288683

170 riojii the Firebug (level 5, 9/38 HPs)
             Began as a Demigod Fire Elementalist on Jan 20, 2022.
             Quit the game on level 5 of the Dungeon.
             The game lasted 00:05:30 (3894 turns).

riojii the Firebug (Demigod Fire Elementalist)      Turns: 3894, Time: 00:05:31

Health: 9/38       AC:  3    Str:  9    XL:     5   Next: 5%
Magic:  1/12       EV: 12    Int: 21    God:
Gold:   192        SH:  0    Dex: 14    Spells: 7/10 levels left

rFire   . . .      SeeInvis .   f - +0 mace (drain)
rCold   . . .      Faith    .   (no shield)
rNeg    . . .      Spirit   .   a - +0 robe
rPois   .          Reflect  .   (no helmet)
rElec   .          Harm     .   b - +0 cloak
rCorr   .          Rampage  .   (no gloves)
Will    .....                   (no boots)
Stlth   ++........              (no amulet)
HPRegen 0.12/turn               (no ring)
MPRegen 0.13/turn               (no ring)

@: hasted, very quick
A: high mp 1, forlorn, divine attributes
a: no special abilities


You were on level 5 of the Dungeon.
You visited 1 branch of the dungeon, and saw 6 of its levels.

You collected 192 gold pieces.

Inventory:

Hand Weapons
 f - a +0 mace of draining (weapon)
Armour
 a - a +0 robe (worn)
 b - a +0 cloak (worn)
Scrolls
 c - a scroll of identify
 d - a scroll of teleportation
 h - a scroll of blinking {unknown}
 j - a scroll of amnesia {unknown}
 k - a scroll of enchant weapon
Potions
 e - 2 potions of haste
 g - a potion of mutation {unknown}
 i - a potion of resistance {unknown}


   Skills:
 - Level 1.7 Dodging
 - Level 1.7 Stealth
 + Level 3.0 Spellcasting
 + Level 2.7 Conjurations
 + Level 3.8 Fire Magic


You had 7 spell levels left.
You knew the following spells:

 Your Spells              Type           Power      Damage    Failure   Level
a - Foxfire               Conj/Fire      68%        2x1d7     3%          1
b - Scorch                Fire           38%        2d6       4%          2

Your spell library contained the following spells:

 Spells                   Type           Power      Damage    Failure   Level
 Conjure Flame            Conj/Fire      17%        6-21      11%         3
 Inner Flame              Hex/Fire       11%        N/A       19%         3
 Flame Wave               Conj/Fire      17%        2d5       34%         4


Dungeon Overview and Level Annotations

Branches:
Dungeon (6/15)
 Temple: D:4-7

Shops:
D:2 =


Innate Abilities, Weirdness & Mutations

You have an increased reservoir of magic. (+10% MP)
You shall have no god before yourself.
Your divine heritage dramatically boosts your attributes as you level up.


Message History

The hound barely misses you. 2 orcs come into view.
Casting: Scorch (safe; 4% risk of failure)
Confirm with . or Enter, or press ? or * to list all spells.
Flames lash the hound.
The hound is almost dead.
The hound's fire resistance burns away.
The orc shouts!
You hear a shout!
The hound misses you. The hound bites you.
Casting: Scorch (safe; 4% risk of failure)
Confirm with . or Enter, or press ? or * to list all spells.
You don't have enough magic to cast this spell.
You barely miss the hound.
The hound is almost dead.
The hound bites you. The hound barely misses you.
An ogre comes into view. It is wielding a +0 giant club.
You barely miss the hound.
The hound is almost dead.
The orc shouts!
The hound is no longer more vulnerable to fire.
The hound closely misses you.
An orc wizard comes into view. It is wielding a +0 dagger.
The hound bites you but does no damage. The hound bites you. x2
* * * LOW HITPOINT WARNING * * *
The hound bites you.
* * * LOW HITPOINT WARNING * * *
A scorpion and an ogre come into view.
The ogre shouts!
The scorpion moves out of view.
The ogre moves out of view.
You feel yourself speed up. The hound closely misses you.
The hound bites you but does no damage.
You closely miss the hound.
The hound is almost dead.
The hound closely misses you.
You hit the hound.
The hound is almost dead.
The hound bites you.
* * * LOW HITPOINT WARNING * * *
Are you sure you want to abandon this character and quit the game? (Confirm with "yes".)

##### ##...##
#.....##+##..
#.....O...o.o
#.....#####..
##.oo## ##h##
#@# #.# #s#
#.# .O. ...
... .....


You could see 2 ogres, a scorpion, a hound (drained) and 2 orcs.

Vanquished Creatures
  A centaur skeleton (D:4)
  4 gnolls (D:2)
  An adder (D:4)
  An adder zombie (D:5)
  2 dart slugs
  5 orcs
  6 ball pythons
  11 endoplasms
  5 giant cockroaches
  4 goblins
  10 hobgoblins
  4 jackals (D:1)
  2 kobolds
  3 quokkas
  9 bats
  2 frilled lizards (D:2)
  4 rats
74 creatures vanquished.

Vanquished Creatures (others)
  114 foxfires
114 creatures vanquished.

Grand Total: 188 creatures vanquished

Notes
Turn   | Place    | Note
-------+----------+-------------------------------------------
     0 | D:1      | riojii the Demigod Fire Elementalist began the quest for
                  | the Orb.
     0 | D:1      | Reached XP level 1. HP: 14/14 MP: 5/5
    76 | D:1      | Reached skill level 1 in Conjurations
   295 | D:1      | Reached XP level 2. HP: 20/20 MP: 2/7
   298 | D:1      | Learned a level 2 spell: Scorch
   862 | D:1      | Reached XP level 3. HP: 26/26 MP: 7/9
  1517 | D:2      | Found Howedute's Jewellery Emporium.
  1828 | D:2      | Reached XP level 4. HP: 26/33 MP: 5/10
  3791 | D:4      | Reached XP level 5. HP: 38/38 MP: 9/12
  3861 | D:4      | You fall into a shaft and drop 2 floors!
  3869 | D:5      | Entered Level 5 of the Dungeon
  3885 | D:5      | Noticed an ogre
  3890 | D:5      | Noticed an ogre
  3894 | D:5      | Quit the game

Illustrated notes

Levels and vault maps discovered:
D:1:      dpeg_arrival_long_road, layout_basic, basic_ecumenical_altar
D:2:      layout_loops_ring, basic_altar, serial_shops, shop,
          chequers_serial_rivers_small_3, minmay_pentomino_s4
D:3:      layout_loops_ring, kennysheep_generic_room_8
D:4:      layout_gridville, chequers_temple_overflow_minitemple,
          mainiacjoe_overflow_divided_tiny, minmay_cupped
D:5:      minmay_octagon_keep, layout_loops_ring, lemuel_tele_altar,
          corexii_leaking_fountain, small_statue_intersection
D:6:      wad_woods_stonehenge, layout_basic, minmay_temple_entry_purple_smoke,
          serial_shops, shop, chequers_jeans, hangedman_decor_riveting

Skill      XL: |  1  2  3  4 |
---------------+-------------+-----
Conjurations   | 1 2 |  2.7
Spellcasting   | 2 3 |  3.0
Fire Magic     | 3 |  3.8
Dodging        | |  1.7
Stealth        | |  1.7

Action                   |  1- 3 |  4- 6 || total
-------------------------+-------+-------++-------
Melee: Unarmed           |    11 |     5 ||    16
       Mace              |       |    45 ||    45
       Punch             |       |     1 ||     1
 Cast: Foxfire           |    49 |    20 ||    69
       Scorch            |    17 |    24 ||    41
  Use: Scroll            |     2 |     1 ||     3
       Potion            |     1 |     1 ||     2
 Stab: Sleeping          |       |     3 ||     3
Armor: Robe              |     7 |    17 ||    24
Dodge: Dodged            |    18 |    54 ||    72

Table legend: (Time is in decaauts)
 A = Elapsed time spent in this place.
 B = Non-inter-level travel time spent in this place.
 C = Inter-level travel time spent in this place.
 D = Time resting spent in this place.
 E = Time spent auto-exploring this place.
 F = Levels seen in this place.
 G = Mean time per level.
                   A        B        C        D        E       F      G
               +--------+--------+--------+--------+--------+-----+--------+
         Total |   3915 |   3851 |     64 |    177 |   3172 |   6 |  652.5 |
       Dungeon |   3915 |   3851 |     64 |    177 |   3172 |   6 |  652.5 |
               +--------+--------+--------+--------+--------+-----+--------+

Top non-repeatable levels by time:
     D:1: 1687 daAuts
     D:2: 1003 daAuts
     D:3: 862 daAuts
     D:4: 327 daAuts
     D:5: 27 daAuts
     D:6: 7 daAuts
